[Event "ICC tourney 2463 (45 10)"]
[Site "Internet Chess Club"]
[Date "2021.03.20"]
[Round "1"]
[White "ALEKSANDROV, ALEKSEJ:Aleksandrov73"]
[Black "YAN, RUIYANG:jy2020"]
[Result "1/2-1/2"]
[ICCResult "Game drawn by mutual agreement"]
[WhiteElo "2629"]
[BlackElo "2226"]
[Opening "Nimzo-Indian: Reshevsky variation"]
[ECO "E46"]
[NIC "NI.10"]
[Time "11:02:14"]
[PlyCount "41"]
[TimeControl "2700+10"]

1. d4 Nf6 2. c4 e6 3. Nc3 Bb4 4. e3 O-O 5. Ne2 d5 6. a3 Be7 7. cxd5 exd5 8.
g3 c6 9. Bg2 Re8 10. O-O Bf8 11. b4 Bf5 12. b5 Nbd7 13. a4 Nb6 14. a5 Nc4
15. a6 cxb5 16. axb7 Rb8 17. Nxb5 Rxb7 18. Nbc3 Bb4 19. Qa4 Ree7 20. Qa2
Rec7 21. Nxd5 { Game drawn by mutual agreement } 1/2-1/2

[Event "ICC tourney 2463 (45 10)"]
[Site "Internet Chess Club"]
[Date "2021.03.20"]
[Round "1"]
[White "SHEEHAN, ETHAN THOMAS:Chessking2008"]
[Black "VAKHIDOV, JAKHONGIR:TjkTiger"]
[Result "0-1"]
[ICCResult "White resigns"]
[WhiteElo "2196"]
[BlackElo "2610"]
[Opening "Sicilian: accelerated fianchetto, Maróczy bind, 6.Be3"]
[ECO "B38"]
[NIC "SI.43"]
[Time "11:03:08"]
[PlyCount "82"]
[TimeControl "2700+10"]

1. e4 c5 2. Nf3 g6 3. d4 cxd4 4. Nxd4 Bg7 5. c4 Nc6 6. Be3 Qb6 7. Nb5 Qa5+
8. N1c3 Nf6 9. f3 d6 10. Qd2 a6 11. Nd4 Nxd4 12. Bxd4 Be6 13. Be2 O-O 14.
O-O Rfc8 15. b3 b5 16. Rfd1 bxc4 17. b4 Qxb4 18. Rab1 Qa5 19. Rb7 Nd7 20.
Bxg7 Kxg7 21. Qd4+ Kg8 22. Nd5 Bxd5 23. Rxd7 Be6 24. Rxe7 c3 25. Rb7 Qxa2
26. Bd3 Qa3 27. Bc2 Rab8 28. Rxb8 Rxb8 29. Qxd6 Qxd6 30. Rxd6 Rb2 31. Bd1
a5 32. Rd3 c2 33. Bxc2 Rxc2 34. Rd8+ Kg7 35. Ra8 Ra2 36. h3 a4 37. g4 a3
38. f4 Ra1+ 39. Kh2 a2 40. f5 gxf5 41. gxf5 Re1 { White resigns } 0-1

[Event "ICC tourney 2463 (45 10)"]
[Site "Internet Chess Club"]
[Date "2021.03.20"]
[Round "1"]
[White "BELOUS, VLADIMIR:Openyagami"]
[Black "Vittal, Sanjana:MCTS13"]
[Result "1-0"]
[ICCResult "Black resigns"]
[WhiteElo "2607"]
[BlackElo "2196"]
[Opening "English opening"]
[ECO "A20"]
[NIC "EO.24"]
[Time "11:02:23"]
[PlyCount "89"]
[TimeControl "2700+10"]

1. c4 e5 2. g3 Nc6 3. Bg2 Bc5 4. e3 d6 5. Ne2 a6 6. O-O Ba7 7. a3 Nge7 8.
b4 O-O 9. Bb2 f6 10. Nbc3 Be6 11. Nd5 Qd7 12. d4 Nd8 13. f4 c6 14. Nxe7+
Qxe7 15. c5 exd4 16. cxd6 Qxd6 17. Nxd4 Bc4 18. Re1 Ne6 19. Nf5 Qxd1 20.
Raxd1 Rad8 21. Nd6 Bb3 22. Rd3 Bc2 23. Rd2 Bb3 24. Bc3 Rd7 25. Kf2 Rfd8 26.
Ne4 Rxd2+ 27. Nxd2 Rd3 28. Nxb3 Rxc3 29. Na5 Nd8 30. Bf1 Rxa3 31. Rd1 Rxe3
32. Kg2 Re8 33. Rd7 Kf8 34. Bd3 c5 35. Bxh7 cxb4 36. Bg6 Re2+ 37. Kf1 Rf2+
38. Ke1 Ne6 39. Rf7+ Kg8 40. Rxb7 Rxh2 41. Rxa7 Nf8 42. Ra8 f5 43. Nc6 Rh1+
44. Kf2 Rh2+ 45. Kf3 { Black resigns } 1-0

[Event "ICC tourney 2463 (45 10)"]
[Site "Internet Chess Club"]
[Date "2021.03.20"]
[Round "1"]
[White "SLADE, THEODORE LUKE:MrNormalName"]
[Black "HEBDEN, MARK L:mhebden"]
[Result "0-1"]
[ICCResult "White resigns"]
[WhiteElo "2166"]
[BlackElo "2503"]
[Opening "King's Indian: Gligoric-Taimanov system"]
[ECO "E92"]
[NIC "KI.18"]
[Time "11:03:08"]
[PlyCount "60"]
[TimeControl "2700+10"]

1. d4 Nf6 2. c4 g6 3. Nc3 Bg7 4. e4 d6 5. Nf3 O-O 6. Be2 e5 7. Be3 Ng4 8.
Bg5 f6 9. Bc1 Nc6 10. O-O f5 11. dxe5 Ngxe5 12. exf5 Bxf5 13. Be3 Ng4 14.
Bg5 Qd7 15. Re1 Rae8 16. h3 Nge5 17. Nxe5 Bxe5 18. Bh6 Rf7 19. Bf1 Nd4 20.
Rc1 Bxh3 21. gxh3 Nf3+ 22. Kg2 Nxe1+ 23. Qxe1 Bf4 24. Bxf4 Rxe1 25. Rxe1
Rxf4 26. Nd5 Rf7 27. Be2 Qf5 28. f4 Qe4+ 29. Kf2 c6 30. Bg4 Qd4+ { White
resigns } 0-1

[Event "ICC tourney 2463 (45 10)"]
[Site "Internet Chess Club"]
[Date "2021.03.20"]
[Round "1"]
[White "PARK, EVAN:espark"]
[Black "Foerster-Yialamas, Lucas:LucasFY2007"]
[Result "1-0"]
[ICCResult "Black resigns"]
[WhiteElo "2328"]
[BlackElo "2100"]
[Opening "Sicilian: Najdorf"]
[ECO "B90"]
[NIC "SI.14"]
[Time "11:02:35"]
[PlyCount "89"]
[TimeControl "2700+10"]

1. e4 c5 2. Nf3 d6 3. d4 cxd4 4. Nxd4 Nf6 5. Nc3 a6 6. Rg1 e5 7. Nb3 b5 8.
g4 Bb7 9. Qd3 b4 10. Nd5 Nbd7 11. g5 Nxd5 12. exd5 Be7 13. Be3 a5 14. Bh3
a4 15. Nd2 Nc5 16. Bxc5 Ba6 17. Nc4 dxc5 18. d6 Bxc4 19. d7+ Kf8 20. Qxc4
g6 21. Qd5 Bxg5 22. Rxg5 Qxg5 23. Qxa8+ Kg7 24. Qg2 Qf4 25. Qg3 Qe4+ 26.
Qe3 Qxe3+ 27. fxe3 f5 28. Rd1 Rd8 29. Bf1 Kf6 30. Bb5 a3 31. bxa3 bxa3 32.
c4 e4 33. Rd5 g5 34. Rxc5 f4 35. exf4 gxf4 36. Rc8 Ke7 37. Rxd8 Kxd8 38.
Ke2 Kc7 39. c5 h5 40. h4 Kd8 41. c6 Kc7 42. Bc4 e3 43. Kf3 Kxc6 44. d8=Q
Kc5 45. Qd5+ { Black resigns } 1-0

[Event "ICC tourney 2463 (45 10)"]
[Site "Internet Chess Club"]
[Date "2021.03.20"]
[Round "1"]
[White "HU, MERRIC:edmehu"]
[Black "Tay, Brian:guineapig25"]
[Result "1-0"]
[ICCResult "Black resigns"]
[WhiteElo "2227"]
[BlackElo "2026"]
[Opening "Sicilian defense"]
[ECO "B20"]
[NIC "SI.48"]
[Time "11:02:15"]
[PlyCount "51"]
[TimeControl "2700+10"]

1. e4 c5 2. b3 Nc6 3. Bb2 d6 4. Bb5 Bd7 5. Nf3 e6 6. O-O Nf6 7. Nc3 a6 8.
Bxc6 Bxc6 9. Re1 Be7 10. d4 cxd4 11. Qxd4 O-O 12. Rad1 Qa5 13. Nd2 Qc5 14.
Qxc5 dxc5 15. Nc4 Rfd8 16. f3 b5 17. Ne5 Be8 18. Rxd8 Rxd8 19. Rd1 Rxd1+
20. Nxd1 Bd6 21. Nf2 Kf8 22. Nfd3 Nd7 23. Nxd7+ Bxd7 24. c4 a5 25. Ba3 Ke7
26. e5 { Black resigns } 1-0

[Event "ICC tourney 2463 (45 10)"]
[Site "Internet Chess Club"]
[Date "2021.03.20"]
[Round "1"]
[White "LANCMAN, KYLE B:Kyle2007"]
[Black "NGO, BACH:Dking135799"]
[Result "0-1"]
[ICCResult "White resigns"]
[WhiteElo "2049"]
[BlackElo "2251"]
[Opening "Scotch game"]
[ECO "C45"]
[NIC "SO.04"]
[Time "11:02:15"]
[PlyCount "74"]
[TimeControl "2700+10"]

1. e4 e5 2. Nf3 Nc6 3. d4 exd4 4. Nxd4 Bb4+ 5. c3 Bc5 6. Nxc6 bxc6 7. Bd3
d6 8. Qe2 Qe7 9. Be3 Bb6 10. O-O Nf6 11. Nd2 O-O 12. f3 Re8 13. Bxb6 axb6
14. Rfe1 Be6 15. a3 Nd7 16. Kh1 Qh4 17. Bc4 Nf6 18. Bxe6 Rxe6 19. Kg1 Rae8
20. Qf2 Qh5 21. Nb3 c5 22. Rad1 d5 23. exd5 Rxe1+ 24. Rxe1 Qxd5 25. Rxe8+
Nxe8 26. Qe2 Nd6 27. Nd2 h6 28. Kf2 f5 29. Nf1 Kf7 30. Ne3 Qb3 31. Qd2 Kg6
32. Nd5 Nc4 33. Nf4+ Kh7 34. Qd7 Qxb2+ 35. Kg3 Nd6 36. Qxc7 Qd2 37. Qxb6
Ne4+ { White resigns } 0-1

[Event "ICC tourney 2463 (45 10)"]
[Site "Internet Chess Club"]
[Date "2021.03.20"]
[Round "1"]
[White "CHEN, RYO WENYU:e4f5"]
[Black "ZENG, ELBERT:investigator"]
[Result "1-0"]
[ICCResult "Black resigns"]
[WhiteElo "2308"]
[BlackElo "2084"]
[Opening "Pirc: classical system, 5.Be2"]
[ECO "B08"]
[NIC "PU.01"]
[Time "11:02:18"]
[PlyCount "69"]
[TimeControl "2700+10"]

1. e4 d6 2. d4 Nf6 3. Nc3 g6 4. Nf3 Bg7 5. Be2 O-O 6. O-O Bg4 7. Nd2 Bxe2
8. Qxe2 Nc6 9. d5 Nd4 10. Qd3 e5 11. Ne2 Nd7 12. Nb3 Nxb3 13. cxb3 f5 14.
Nc3 f4 15. f3 g5 16. g4 h5 17. h3 hxg4 18. hxg4 Kf7 19. Kg2 Rh8 20. Bd2 Qe7
21. b4 Rh6 22. Rh1 Rah8 23. Rxh6 Rxh6 24. Rh1 Nf8 25. Rxh6 Bxh6 26. Qb5 Ng6
27. Be1 b6 28. Qc4 a6 29. Qxa6 Kf6 30. Qc8 Bf8 31. Nb5 Qh7 32. Qf5+ Kg7 33.
Qxg5 Be7 34. Qh5 Qg8 35. Nxc7 { Black resigns } 1-0

[Event "ICC tourney 2463 (45 10)"]
[Site "Internet Chess Club"]
[Date "2021.03.20"]
[Round "1"]
[White "MANGALAM, SHREYA:mangolamb"]
[Black "TSAY, VINCENT:coolsportsguy"]
[Result "0-1"]
[ICCResult "White resigns"]
[WhiteElo "2098"]
[BlackElo "2318"]
[Opening "French: Tarrasch, open variation"]
[ECO "C07"]
[NIC "FR.19"]
[Time "11:03:08"]
[PlyCount "98"]
[TimeControl "2700+10"]

1. e4 e6 2. d4 d5 3. Nd2 c5 4. exd5 Qxd5 5. Ngf3 cxd4 6. Bc4 Qd6 7. O-O Nf6
8. Nb3 Nc6 9. Nbxd4 Nxd4 10. Nxd4 Be7 11. c3 O-O 12. h3 Qc7 13. Bd3 a6 14.
Bg5 b6 15. Bxf6 Bxf6 16. Qh5 h6 17. Be4 Bb7 18. Bxb7 Qxb7 19. Rad1 Rac8 20.
Qf3 Qc7 21. Rfe1 b5 22. a3 Rfd8 23. Qe3 Qc4 24. Nf3 Qb3 25. Qc1 Qa4 26. Qb1
a5 27. Nd2 b4 28. axb4 axb4 29. b3 Qa7 30. c4 Bc3 31. Qc2 Rd7 32. Rf1 Rcd8
33. Nf3 e5 34. Nh2 Bd4 35. Rd2 Bc3 36. Rdd1 Rd2 37. Qc1 Qxf2+ 38. Rxf2
Rxd1+ 39. Qxd1 Rxd1+ 40. Rf1 Bd4+ 41. Kh1 Rd3 42. Rf3 Rd2 43. Nf1 Rd1 44.
g4 e4 45. Rf4 e3 46. Rxd4 Rxf1+ 47. Kg2 e2 48. Rd8+ Kh7 49. Re8 e1=Q {
White resigns } 0-1

[Event "ICC tourney 2463 (45 10)"]
[Site "Internet Chess Club"]
[Date "2021.03.20"]
[Round "1"]
[White "HARDAWAY, BREWINGTON:CoolBoy2020"]
[Black "Volkov, Sergey:Volkov"]
[Result "0-1"]
[ICCResult "White resigns"]
[WhiteElo "2189"]
[BlackElo "2607"]
[Opening "French: MacCutcheon, Lasker variation"]
[ECO "C12"]
[NIC "FR.05"]
[Time "11:02:10"]
[PlyCount "106"]
[TimeControl "2700+10"]

1. e4 e6 2. d4 d5 3. Nc3 Nf6 4. Bg5 Bb4 5. e5 h6 6. Bd2 Bxc3 7. bxc3 Ne4 8.
Bd3 Nxd2 9. Qxd2 c5 10. Nf3 c4 11. Be2 b5 12. O-O O-O 13. Ne1 Nc6 14. f4 a5
15. a3 Bd7 16. Bg4 Qe7 17. Nf3 b4 18. axb4 axb4 19. cxb4 Qxb4 20. c3 Qe7
21. Qc2 Ra3 22. Rxa3 Qxa3 23. Nh4 Qb3 24. Qc1 Ne7 25. Bd1 Qa2 26. Rf2 Qa5
27. Bc2 Ra8 28. g4 Qa1 29. Bb1 Ra3 30. Rb2 Kf8 31. Qc2 g6 32. Nf3 Ba4 33.
Qc1 Rb3 34. Rxb3 cxb3 35. Nd2 Nc6 36. f5 gxf5 37. gxf5 Ke7 38. fxe6 fxe6
39. Kg2 Kd7 40. Nf3 Bb5 41. Nd2 Na5 42. Qe1 Qxc3 43. Qf2 Kc7 44. Nf3 Nc4
45. Qh4 Qb2+ 46. Kg3 Qxb1 47. Qe7+ Bd7 48. Qc5+ Kb7 49. Qb4+ Nb6 50. Nd2
Qd3+ 51. Kf2 Ba4 52. Qe7+ Ka6 53. Qb4 Qc2 { White resigns } 0-1

[Event "ICC tourney 2463 (45 10)"]
[Site "Internet Chess Club"]
[Date "2021.03.20"]
[Round "1"]
[White "IVANOV, ALEXANDER:marble"]
[Black "SRINIAIYER, SUDARSHAN:Ambuli123"]
[Result "0-1"]
[ICCResult "White resigns"]
[WhiteElo "2506"]
[BlackElo "2170"]
[Opening "Sicilian defense"]
[ECO "B40"]
[NIC "SI.43"]
[Time "11:02:11"]
[PlyCount "116"]
[TimeControl "2700+10"]

1. e4 c5 2. Nf3 e6 3. g3 Nc6 4. Bg2 g6 5. d4 cxd4 6. Nxd4 a6 7. O-O Bg7 8.
Nxc6 dxc6 9. Qxd8+ Kxd8 10. a4 e5 11. a5 Be6 12. Be3 Nf6 13. Nc3 Nd7 14.
Na4 Ke8 15. Rfd1 Bf8 16. f4 f6 17. Rd3 Be7 18. b3 Rd8 19. Rf1 exf4 20. gxf4
f5 21. e5 Bb4 22. Bd2 Bxd2 23. Rxd2 Ke7 24. Rfd1 h6 25. Kf2 g5 26. Ke3 Rhg8
27. Bf3 g4 28. Be2 h5 29. Rd6 h4 30. Bc4 Bxc4 31. bxc4 g3 32. h3 g2 33. Kf2
Rg3 34. R6d3 Rxd3 35. cxd3 Rg8 36. d4 Rg3 37. d5 cxd5 38. cxd5 Rxh3 39.
Kxg2 Rg3+ 40. Kh2 Rg4 41. Nb6 Nxb6 42. axb6 Rxf4 43. d6+ Kd8 44. e6 Re4 45.
e7+ Kd7 46. Kh3 a5 47. Rd5 a4 48. Rxf5 Kxd6 49. Rf4 Rxe7 50. Rxa4 Kc6 51.
Rb4 Rh7 52. Rb1 Rh5 53. Rb4 Rb5 54. Rxh4 Kxb6 55. Kg2 Rf5 56. Kg3 Kc5 57.
Kg4 Rf1 58. Rh2 b5 { White resigns } 0-1

[Event "ICC tourney 2463 (45 10)"]
[Site "Internet Chess Club"]
[Date "2021.03.20"]
[Round "2"]
[White "Foerster-Yialamas, Lucas:LucasFY2007"]
[Black "SHEEHAN, ETHAN THOMAS:Chessking2008"]
[Result "0-1"]
[ICCResult "White checkmated"]
[WhiteElo "2100"]
[BlackElo "2196"]
[Opening "Sicilian: accelerated fianchetto, Maróczy bind"]
[ECO "B36"]
[NIC "SI.33"]
[Time "13:31:55"]
[PlyCount "78"]
[TimeControl "2700+10"]

1. e4 c5 2. Nf3 g6 3. d4 cxd4 4. Nxd4 Nc6 5. c4 Nf6 6. Nc3 d6 7. Be2 Nxd4
8. Qxd4 Bg7 9. Be3 O-O 10. Qd2 Be6 11. O-O Qa5 12. f3 Rfc8 13. b4 Qxb4 14.
Rab1 Qa5 15. Rxb7 Bxc4 16. Bxc4 Rxc4 17. Nd5 Qxd2 18. Nxe7+ Kf8 19. Bxd2
Re8 20. Bf4 Rd4 21. Nc6 Rd3 22. Rxa7 Nh5 23. Bg3 Nxg3 24. hxg3 Rc3 25. Ra6
Rc8 26. Nb4 Rb8 27. Nd5 Rc2 28. Kh2 Bd4 29. Rd1 Bc5 30. Nf6 Rbb2 31. Nd7+
Kg7 32. Nxc5 Rxg2+ 33. Kh3 dxc5 34. Rc6 h5 35. g4 Rh2+ 36. Kg3 g5 37. f4
Rbg2+ 38. Kf3 hxg4+ 39. Ke3 Rh3# { White checkmated } 0-1

[Event "ICC tourney 2463 (45 10)"]
[Site "Internet Chess Club"]
[Date "2021.03.20"]
[Round "2"]
[White "ZENG, ELBERT:investigator"]
[Black "HARDAWAY, BREWINGTON:CoolBoy2020"]
[Result "1-0"]
[ICCResult "Black resigns"]
[WhiteElo "2084"]
[BlackElo "2189"]
[Opening "King's Indian: London system"]
[ECO "A48"]
[NIC "QP.03"]
[Time "13:32:41"]
[PlyCount "59"]
[TimeControl "2700+10"]

1. Nf3 Nf6 2. d4 g6 3. Bf4 Bg7 4. c3 O-O 5. Nbd2 d5 6. h3 Nbd7 7. e3 c5 8.
Bd3 b6 9. O-O Bb7 10. Re1 Re8 11. Bh2 h6 12. Qa4 a6 13. e4 dxe4 14. Nxe4
Nxe4 15. Bxe4 Bxe4 16. Rxe4 cxd4 17. Nxd4 Nc5 18. Qc2 Nxe4 19. Qxe4 Bxd4
20. cxd4 Rc8 21. Be5 Kh7 22. d5 Qd7 23. Bc3 Rc5 24. Rd1 Rd8 25. Rd2 Rxd5
26. Rxd5 Qxd5 27. Qxe7 Qd1+ 28. Be1 Qd6 29. Qxf7+ Kh8 30. Bc3+ { Black
resigns } 1-0

[Event "ICC tourney 2463 (45 10)"]
[Site "Internet Chess Club"]
[Date "2021.03.20"]
[Round "2"]
[White "Volkov, Sergey:Volkov"]
[Black "HU, MERRIC:edmehu"]
[Result "1-0"]
[ICCResult "Black resigns"]
[WhiteElo "2607"]
[BlackElo "2227"]
[Opening "King's Indian: Gligoric-Taimanov system"]
[ECO "E92"]
[NIC "KI.18"]
[Time "13:31:57"]
[PlyCount "49"]
[TimeControl "2700+10"]

1. d4 Nf6 2. c4 g6 3. Nc3 Bg7 4. e4 d6 5. Nf3 O-O 6. Be2 e5 7. Be3 Ng4 8.
Bg5 f6 9. Bh4 Na6 10. h3 Nh6 11. O-O Qe8 12. Rc1 exd4 13. Nxd4 f5 14. exf5
Nxf5 15. Nxf5 Rxf5 16. Bg4 Rf4 17. Qd5+ Qf7 18. Bxc8 Rxc8 19. Qxb7 Rb8 20.
Qxa6 Rxh4 21. Nb5 Be5 22. Qxa7 Rf8 23. Qb7 Qf4 24. g3 Qg5 25. Qg2 { Black
resigns } 1-0

[Event "ICC tourney 2463 (45 10)"]
[Site "Internet Chess Club"]
[Date "2021.03.20"]
[Round "2"]
[White "Vittal, Sanjana:MCTS13"]
[Black "MANGALAM, SHREYA:mangolamb"]
[Result "1-0"]
[ICCResult "Black resigns"]
[WhiteElo "2196"]
[BlackElo "2098"]
[Opening "Vienna game"]
[ECO "C28"]
[NIC "VG.02"]
[Time "13:32:29"]
[PlyCount "33"]
[TimeControl "2700+10"]

1. e4 e5 2. Bc4 Nf6 3. Nc3 Nc6 4. d3 h6 5. f4 Bb4 6. Ne2 d5 7. exd5 Nxd5 8.
O-O Bxc3 9. Nxc3 Nxc3 10. bxc3 O-O 11. f5 Qf6 12. Qh5 Na5 13. Bd5 Qb6+ 14.
Kh1 c6 15. Bxh6 cxd5 16. Bxg7 Kxg7 17. Qg5+ { Black resigns } 1-0

[Event "ICC tourney 2463 (45 10)"]
[Site "Internet Chess Club"]
[Date "2021.03.20"]
[Round "2"]
[White "HEBDEN, MARK L:mhebden"]
[Black "NGO, BACH:Dking135799"]
[Result "1-0"]
[ICCResult "Black resigns"]
[WhiteElo "2503"]
[BlackElo "2251"]
[Opening "Queen's pawn game"]
[ECO "A46"]
[NIC "QP.06"]
[Time "13:31:39"]
[PlyCount "101"]
[TimeControl "2700+10"]

1. d4 Nf6 2. Nf3 e6 3. c3 b6 4. Bg5 Bb7 5. Nbd2 d5 6. e3 Be7 7. Bd3 Ne4 8.
Bxe7 Qxe7 9. Ne5 O-O 10. Qh5 f5 11. Ndf3 Nd7 12. Nxd7 Qxd7 13. Ne5 Qe7 14.
f4 Nf6 15. Qh4 Qd8 16. h3 Nd7 17. Qxd8 Rfxd8 18. Nf3 a5 19. g4 Ba6 20. Bc2
g6 21. Rg1 Kh8 22. Ng5 Re8 23. Kd2 h6 24. Nf3 Rg8 25. Rg3 Rg7 26. Rag1 Rag8
27. Ke1 Bb5 28. Kf2 Nf8 29. Ne5 Be8 30. b4 Nd7 31. gxf5 gxf5 32. Rxg7 Rxg7
33. Rb1 Nxe5 34. fxe5 a4 35. b5 a3 36. Rb3 Rf7 37. Bd3 f4 38. Rxa3 fxe3+
39. Kxe3 Kg7 40. Ra8 Bd7 41. Ra7 Be8 42. c4 c5 43. Rxf7+ Kxf7 44. dxc5 bxc5
45. a4 Ke7 46. a5 Kd8 47. cxd5 exd5 48. b6 Bc6 49. a6 c4 50. Bf5 c3 51. Kd4
{ Black resigns } 1-0

[Event "ICC tourney 2463 (45 10)"]
[Site "Internet Chess Club"]
[Date "2021.03.20"]
[Round "2"]
[White "NASH, DAMIAN:AlohaKauai"]
[Black "IVANOV, ALEXANDER:marble"]
[Result "0-1"]
[ICCResult "White resigns"]
[WhiteElo "2019"]
[BlackElo "2506"]
[Opening "Dunst (Sleipner, Heinrichsen) opening"]
[ECO "A00"]
[NIC "VO.15"]
[Time "13:32:02"]
[PlyCount "62"]
[TimeControl "2700+10"]

1. Nc3 d5 2. e4 d4 3. Nce2 e5 4. d3 Nc6 5. g3 f5 6. Bg2 fxe4 7. Bxe4 Nf6 8.
Bg2 Bf5 9. Nf3 Qd7 10. O-O O-O-O 11. Bg5 Bh3 12. Re1 Bxg2 13. Kxg2 h6 14.
Bxf6 gxf6 15. a3 f5 16. Neg1 Qd5 17. Qe2 Bg7 18. h3 Rhe8 19. Kh2 e4 20.
dxe4 fxe4 21. Nh4 Bf6 22. Qg4+ Kb8 23. Qf5 Bxh4 24. Qxd5 Bxg3+ 25. Kxg3
Rxd5 26. Re2 d3 27. cxd3 Rg8+ 28. Kf4 exd3 29. Re6 d2 30. Rd1 Rxg1 31. Re8+
Nd8 { White resigns } 0-1

[Event "ICC tourney 2463 (45 10)"]
[Site "Internet Chess Club"]
[Date "2021.03.20"]
[Round "2"]
[White "YAN, RUIYANG:jy2020"]
[Black "Dragun, Kamil:Dragso95"]
[Result "1-0"]
[ICCResult "Black resigns"]
[WhiteElo "2226"]
[BlackElo "2607"]
[Opening "Sicilian: Najdorf, Opocensky variation"]
[ECO "B92"]
[NIC "SI.10"]
[Time "13:31:34"]
[PlyCount "119"]
[TimeControl "2700+10"]

1. e4 c5 2. Nf3 d6 3. d4 cxd4 4. Nxd4 Nf6 5. Nc3 a6 6. Be2 e5 7. Nf3 Qc7 8.
Bg5 Nbd7 9. a4 Be7 10. O-O h6 11. Be3 b6 12. Nd2 Bb7 13. f3 d5 14. exd5
Nxd5 15. Nxd5 Bxd5 16. Bd3 Nc5 17. Be4 Nxe4 18. fxe4 Be6 19. c3 Rd8 20. Qe2
O-O 21. Rfd1 Qb7 22. Bf2 f6 23. Nc4 b5 24. Rxd8 Rxd8 25. Na5 Qd7 26. axb5
axb5 27. Be3 b4 28. cxb4 Bxb4 29. Nc4 Qd3 30. Qxd3 Rxd3 31. Rc1 Rb3 32. Kf2
Bf7 33. Rc2 Bg6 34. Nd2 Bxd2 35. Bxd2 Bxe4 36. Rc8+ Kf7 37. Rc7+ Kg6 38.
Bc3 Rb8 39. g4 Rd8 40. Ke3 Bg2 41. h4 Bh3 42. g5 hxg5 43. hxg5 Kxg5 44.
Rxg7+ Kf5 45. Rc7 Bf1 46. b4 Ba6 47. Rc6 Rd3+ 48. Kf2 Bb7 49. Rc7 Be4 50.
Rc5 Rf3+ 51. Ke2 Rh3 52. b5 Bd3+ 53. Kd2 Ke4 54. b6 Rh2+ 55. Kd1 Bc2+ 56.
Kc1 Kd3 57. Be1 Re2 58. Rc3+ Kd4 59. Rxc2 Rxe1+ 60. Kb2 { Black resigns }
1-0

[Event "ICC tourney 2463 (45 10)"]
[Site "Internet Chess Club"]
[Date "2021.03.20"]
[Round "2"]
[White "VAKHIDOV, JAKHONGIR:TjkTiger"]
[Black "CHEN, RYO WENYU:e4f5"]
[Result "1-0"]
[ICCResult "Black resigns"]
[WhiteElo "2610"]
[BlackElo "2308"]
[Opening "King's Indian: fianchetto, Uhlmann (Szabo) variation"]
[ECO "E62"]
[NIC "KI.72"]
[Time "13:32:29"]
[PlyCount "75"]
[TimeControl "2700+10"]

1. c4 Nf6 2. Nc3 g6 3. g3 Bg7 4. Bg2 O-O 5. d4 d6 6. Nf3 Nc6 7. O-O e5 8.
dxe5 dxe5 9. Bg5 Be6 10. Nd2 h6 11. Bxf6 Bxf6 12. Nde4 Be7 13. Qc1 Kg7 14.
Rd1 Qc8 15. Nd5 Bxd5 16. cxd5 Nd4 17. Qc4 Rd8 18. e3 Nf5 19. Rac1 c6 20.
dxc6 Qxc6 21. Qxc6 bxc6 22. Nd2 Rab8 23. Nc4 Bf6 24. Bxc6 Rdc8 25. Bd7 Rc5
26. Bxf5 gxf5 27. b3 Rbc8 28. Rd7 R8c7 29. Rcd1 Kg6 30. R1d6 Kg7 31. Rxc7
Rxc7 32. Ra6 Re7 33. Nd6 Kg6 34. e4 f4 35. Nf5 Rd7 36. gxf4 exf4 37. Kg2
Rd3 38. Nxh6 { Black resigns } 1-0

[Event "ICC tourney 2463 (45 10)"]
[Site "Internet Chess Club"]
[Date "2021.03.20"]
[Round "2"]
[White "SRINIAIYER, SUDARSHAN:Ambuli123"]
[Black "PARK, EVAN:espark"]
[Result "1/2-1/2"]
[ICCResult "Game drawn by repetition"]
[WhiteElo "2170"]
[BlackElo "2328"]
[Opening "King's Indian: Makagonov system (5.h3)"]
[ECO "E71"]
[NIC "KI.30"]
[Time "13:32:08"]
[PlyCount "103"]
[TimeControl "2700+10"]

1. d4 Nf6 2. c4 g6 3. Nc3 Bg7 4. e4 d6 5. h3 O-O 6. Bg5 c6 7. Bd3 Nbd7 8.
Nge2 e5 9. d5 Nc5 10. Bc2 a5 11. Qd2 cxd5 12. cxd5 Bd7 13. a4 Qb6 14. Be3
Qb4 15. Ng3 h5 16. O-O Rfc8 17. f3 Nh7 18. Nge2 Bf6 19. Nb5 Bxb5 20. Qxb4
axb4 21. axb5 b6 22. b3 Bg5 23. Bxg5 Nxg5 24. Kf2 f6 25. Ke3 Nf7 26. Kd2
Kg7 27. Rfb1 Nd8 28. Nc1 Ra5 29. Nd3 Nxd3 30. Bxd3 Nb7 31. Ra4 Rca8 32.
Rxb4 Ra2+ 33. Bc2 Rc8 34. Rc4 Rxc4 35. bxc4 Nc5 36. Kc3 Kh6 37. h4 Kg7 38.
Rb2 Rxb2 39. Kxb2 Kh6 40. Kc1 Kg7 41. Kd2 Kh6 42. Ke3 Kg7 43. Ke2 Kh6 44.
Ke3 g5 45. g3 Kg6 46. Kf2 gxh4 47. gxh4 Kh6 48. Ke3 Kg6 49. Kf2 Kh6 50. Ke3
Nb7 51. Kf2 Nc5 52. Ke3 { Game drawn by repetition } 1/2-1/2

[Event "ICC tourney 2463 (45 10)"]
[Site "Internet Chess Club"]
[Date "2021.03.20"]
[Round "2"]
[White "TSAY, VINCENT:coolsportsguy"]
[Black "BELOUS, VLADIMIR:Openyagami"]
[Result "0-1"]
[ICCResult "White resigns"]
[WhiteElo "2318"]
[BlackElo "2607"]
[Opening "King's Indian: fianchetto without c4"]
[ECO "A49"]
[NIC "QP.06"]
[Time "13:32:16"]
[PlyCount "126"]
[TimeControl "2700+10"]

1. d4 Nf6 2. Nf3 g6 3. g3 c5 4. dxc5 Qa5+ 5. Nbd2 Qxc5 6. c4 Bg7 7. Bg2 O-O
8. O-O Nc6 9. a3 Qh5 10. Nb3 d6 11. Bf4 Bh3 12. Rc1 Ng4 13. Qd5 Bxg2 14.
Kxg2 Bxb2 15. Rb1 Bg7 16. Rfc1 Nf6 17. Qb5 Rab8 18. Be3 Rfc8 19. Qxh5 Nxh5
20. Nbd4 Nxd4 21. Nxd4 Bxd4 22. Bxd4 b6 23. a4 Ng7 24. a5 Nf5 25. e3 Nxd4
26. exd4 bxa5 27. Rxb8 Rxb8 28. c5 dxc5 29. dxc5 Kf8 30. c6 e6 31. Rc5 Rc8
32. Rxa5 Rc7 33. Kf3 Ke7 34. Kf4 Kd6 35. Ra6 Kc5 36. Ke5 f6+ 37. Kxf6 Kb5
38. Ra1 a5 39. Kxe6 Rxc6+ 40. Kd5 Rc2 41. Rb1+ Ka6 42. Rf1 a4 43. h4 a3 44.
Ra1 a2 45. f4 Kb5 46. g4 Rf2 47. Ke5 Re2+ 48. Kf6 Kc4 49. f5 gxf5 50. Kxf5
Kb3 51. g5 Rh2 52. Kg4 Kb2 53. Rxa2+ Kxa2 54. h5 Kb3 55. g6 h6 56. Kf5
Rxh5+ 57. Kf6 Rh1 58. Kg7 h5 59. Kh6 h4 60. g7 Rg1 61. Kh7 h3 62. g8=Q+
Rxg8 63. Kxg8 h2 { White resigns } 0-1

[Event "ICC tourney 2463 (45 10)"]
[Site "Internet Chess Club"]
[Date "2021.03.20"]
[Round "2"]
[White "LANCMAN, KYLE B:Kyle2007"]
[Black "SLADE, THEODORE LUKE:MrNormalName"]
[Result "0-1"]
[ICCResult "White resigns"]
[WhiteElo "2049"]
[BlackElo "2166"]
[Opening "Scotch game"]
[ECO "C45"]
[NIC "SO.05"]
[Time "13:32:29"]
[PlyCount "122"]
[TimeControl "2700+10"]

1. e4 e5 2. Nf3 Nc6 3. d4 exd4 4. Nxd4 Bc5 5. Nxc6 Qf6 6. Qf3 bxc6 7. Nd2
Qxf3 8. gxf3 Ne7 9. Nb3 Bb6 10. a4 a6 11. a5 Ba7 12. Be3 Bxe3 13. fxe3 O-O
14. Bd3 d6 15. Ke2 f5 16. exf5 Bxf5 17. Bxf5 Nxf5 18. e4 Nh4 19. Rhf1 Ng6
20. Nd2 Rab8 21. b3 Rf4 22. Ke3 Rbf8 23. Rf2 Ne5 24. Raf1 g5 25. Ke2 Kf7
26. Rg1 h6 27. Rg3 Ke7 28. h3 c5 29. Nf1 Nc6 30. Ne3 Nd4+ 31. Kf1 Rxf3 32.
Rgxf3 Rxf3 33. Rxf3 Nxf3 34. Nf5+ Ke6 35. Nxh6 Nd4 36. Ke1 Nxc2+ 37. Kd2
Nd4 38. Kc3 Ne2+ 39. Kd2 Nf4 40. h4 gxh4 41. Ke3 h3 42. Ng4 Ng6 43. Nh2 Ne5
44. Nf1 Nc6 45. Nh2 Nxa5 46. Nf3 Kd7 47. e5 Nxb3 48. exd6 cxd6 49. Kf2 Nd4
50. Nd2 d5 51. Kg3 a5 52. Kxh3 a4 53. Nb1 Nb5 54. Nd2 a3 55. Nb3 c4 56. Na1
Nd4 57. Kg3 a2 58. Kf4 Nb3 59. Nc2 a1=Q 60. Nxa1 Nxa1 61. Ke5 c3 { White
resigns } 0-1